 Dungeon Crawl Stone Soup version 0.30-a0-219-gf2db51d15e (webtiles) character file.

Game seed: 11721887178656942984

5 blackman the Sneak (level 1, -4/18 HPs)
             Began as a Demigod Delver on Oct 8, 2022.
             Slain by a gnoll
             ... wielding a +0 flail
              (5 damage)
             ... on level 5 of the Dungeon.
             The game lasted 00:03:53 (273 turns).

blackman the Sneak (Demigod Delver)                  Turns: 273, Time: 00:03:54

Health: -4/18      AC:  3    Str: 13    XL:     1   Next: 53%
Magic:  3/3        EV: 11    Int: 12    God:
Gold:   0          SH:  5    Dex: 15    Spells: 0/0 levels left

rFire   . . .      SeeInvis .    a - +0 falchion
rCold   . . .      Faith    .    (no shield)
rNeg    . . .      Spirit   .    m - +0 leather armour
rPois   .          Reflect  +    (no helmet)
rElec   .          Harm     .    (no cloak)
rCorr   +          Rampage  .    (no gloves)
Will    .....                    (no boots)
Stlth   +++.......               j - amulet of reflection
HPRegen 0.23/turn                k - ring of resist corrosion
MPRegen 0.08/turn                (no ring)

@: no status effects
A: high MP 1, forlorn, divine attributes
a: no special abilities


You were on level 5 of the Dungeon.
You visited 1 branch of the dungeon, and saw 1 of its levels.

Inventory:

Hand Weapons
 a - a +0 falchion (weapon)
 b - a +0 sling
Armour
 m - a +0 leather armour (worn)
Jewellery
 j - an amulet of reflection (around neck)
 k - a ring of resist corrosion (left hand)
Scrolls
 c - a scroll of fog
 d - a scroll of magic mapping


   Skills:
 - Level 2.6 Fighting
 + Level 2.2 Long Blades
 - Level 1.7 Dodging
 - Level 4.5 Stealth


You couldn't memorise any spells.
You didn't know any spells.
Your spell library was empty.

Dungeon Overview and Level Annotations

Branches:
Dungeon (5/15)             Temple (0/1) D:5


Innate Abilities, Weirdness & Mutations

You have an increased reservoir of magic. (+10% MP)
You shall have no god before yourself.
Your divine heritage dramatically boosts your attributes as you level up.


Message History

You kill the orc!
The orc hits you with a +0 dagger.
Your Long Blades skill increases to level 2!
You barely miss the orc. The orc hits you with a +0 dagger.
You barely miss the orc. You block the orc's attack.
You slash the orc!
You kill the orc!
Things that are here:
a +0 dagger; a +0 whip
Things that are here:
a +0 dagger; a +0 whip A black bear comes into view.
The black bear growls angrily.
You hear a shout! x3
A gnoll comes into view. It is wielding a +0 whip.
Something shouts, "Get thee hence, thou froward hasty-witted fleecer!"
A gnoll comes into view. It is wielding a +0 whip.
A gnoll comes into view. It is wielding a +0 flail.
The black bear misses you. The black bear barely misses you.
The black bear claws you.
The black bear attacks as you move away!
The black bear misses you. The black bear barely misses you.
The black bear claws you.
The gnoll shouts!
A gnoll comes into view. It is wielding a +0 spear.
The black bear bites you. The black bear claws you. x2
* * * LOW HITPOINT WARNING * * *
The gnoll closely misses you.
Aiming: Dig
Press: ? - help, Shift-Dir - straight line A rock wall.
The rock shatters into small pieces.
The now-empty wand crumbles to dust.
You block the black bear's attack. The black bear claws you.
* * * LOW HITPOINT WARNING * * *
The black bear claws you but does no damage.
The gnoll misses you. You block the black bear's attack.
The black bear claws you.
* * * LOW HITPOINT WARNING * * *
The black bear claws you but does no damage.
The gnoll hits you with a +0 flail.
You die...

.......... ##+#...........#
##########.##### #.....#########
.........#.....# ......... ......
####.....#.....##################
..#.....#.....#
#.#.....#.....#######+##
#.#.....#.....#.........
#.#.....#.....#.........
#.#............@gg......
#.....#.#......hg.g...#
#.....#.##.[..####......
#.....#.#........+ ..... #.#####
#.....#### .... ##.##### #.##.##
... ...#... #)##)# ..
...#.#####.##.###. .
.....#............


You could see a black bear and 4 gnolls.

Vanquished Creatures
  2 orcs (D:5)
  A quokka (D:5)
3 creatures vanquished.

Notes
Turn   | Place    | Note
-------+----------+-------------------------------------------
     0 | D:5      | blackman the Demigod Delver began the quest for the Orb.
     0 | D:5      | Reached XP level 1. HP: 18/18 MP: 3/3
   195 | D:5      | Found a staircase to the Ecumenical Temple.
   266 | D:5      | Noticed a black bear
   273 | D:5      | Slain by a gnoll

Illustrated notes

Levels and vault maps discovered:
D:5:      layout_basic, mainiacjoe_overflow_tiny_flanked, old_standard_altar,
          grunt_dithmenos_smoke_and_mirrors, minmay_temple_entry_glassed_door

Skill      XL: |  1 |
---------------+----+-----
Long Blades    | 2 |  2.2
Fighting       | |  2.6
Dodging        | |  1.7
Stealth        | |  4.5

Action                   || total
-------------------------++-------
Melee: Falchion          ||    22
Evoke: Wand              ||     3
  Use: Scroll            ||     3
       Potion            ||     2
 Stab: Sleeping          ||     1
Armor: Leather armour    ||     6
Dodge: Dodged            ||    20
Block: Other             ||     5

Table legend: (Time is in decaauts)
 A = Elapsed time spent in this place.
 B = Non-inter-level travel time spent in this place.
 C = Inter-level travel time spent in this place.
 D = Time resting spent in this place.
 E = Time spent auto-exploring this place.
 F = Levels seen in this place.
 G = Mean time per level.
                   A        B        C        D        E       F      G
               +--------+--------+--------+--------+--------+-----+--------+
         Total |    275 |    275 |      0 |      0 |     40 |   1 |  275.0 |
       Dungeon |    275 |    275 |      0 |      0 |     40 |   1 |  275.0 |
               +--------+--------+--------+--------+--------+-----+--------+

Top non-repeatable levels by time:
     D:5: 275 daAuts
